Map: Ruins of Endion

Players

capac - Winner!

  • Race: Terran Terran
  • League: Gold

Tantalov

  • Race: Zerg Zerg
  • League: Silver

VOD

Have the link to the VOD?

Description

Time

  • Played on: April 30, 2016, 7:50 a.m.
  • Length: 6:59
Show
View Real Time Build Order
Export as new Build Order

capac Terran - Winner!

Build Orders: Reaper Expand 

Get SALT Encoding   

  12  0:03  SCV  
  13  0:15  SCV  
  13  0:19  Supply Depot  
  14  0:27  SCV  
  15  0:41  SCV  
  15  0:42  Barracks  
  16  0:51  Refinery  
  16  0:53  SCV  
  17  1:06  SCV  
  18  1:19  SCV  
  19  1:33  Orbital Command  
  19  1:42  Reaper  
  20  1:49  Command Center  
  20  1:58  Supply Depot  
  20  2:00  SCV  
  21  2:14  Marine  
  22  2:18  SCV  
  23  2:25  Refinery  
  23  2:28  Factory  
  23  2:30  SCV  
  24  2:40  Barracks  
  24  2:41  Barracks Reactor  
  24  2:42  SCV  
  25  3:02  SCV x2  
  27  3:07  Barracks  
  27  3:08  Barracks  
  27  3:28  Marine x2  
  27  3:29  Barracks Tech Lab  
  27  3:30  Factory Tech Lab  
  27  3:32  Starport  
  29  3:36  Orbital Command  
  29  3:39  SCV  
  30  3:49  Marine  
  30  3:50  Marine x2  
  30  3:54  SCV  
  34  4:06  SCV  
  35  4:12  SCV  
  36  4:17  Starport Reactor  
  36  4:18  Siege Tank, SCV  
  40  4:27  Supply Depot  
  40  4:30  Engineering Bay  
  40  4:31  SCV x2  
  42  4:33  Barracks Reactor x2  
  42  4:34  Marine x2  
  42  4:35  Marine  
  45  4:50  Supply Depot  
  45  4:52  Refinery  
  45  4:57  Medivac x2  
  45  4:58  Marine  
  45  4:59  Marine x2  
  52  5:00  SCV x2  
  54  5:09  Supply Depot  
  54  5:12  SCV x2  
  54  5:13  Supply Depot  
  56  5:27  SCV x2  
  56  5:28  Marine x4  
  59  5:30  Marine x2  
  59  5:31  Marauder  
  66  5:41  Siege Tank  
  69  5:51  Medivac  
  69  5:53  Marine x3  
  69  5:54  Marine x2  
  69  5:56  Medivac  
  78  5:57  Supply Depot  
  76  6:09  Marine x2  
  78  6:14  Bunker  
  78  6:18  Marine x2  
  78  6:20  Supply Depot  
Show
View Real Time Build Order
Export as new Build Order

Tantalov Zerg 

Build Orders: Hatch First 

Get SALT Encoding   

  12  0:02  Drone  
  13  0:10  Drone  
  14  0:26  Extractor  
  14  0:27  Extractor, Drone x2  
  14  0:33  Overlord  
  16  0:56  Drone  
  17  0:58  Hatchery, Drone  
  17  1:11  Drone  
  17  1:12  Drone  
  19  1:31  Drone  
  20  1:58  Drone  
  21  2:04  Spawning Pool  
  21  2:07  Drone x2  
  21  2:08  Extractor  
  21  2:11  Drone  
  22  2:18  Extractor  
  21  2:23  Drone x2  
  23  2:37  Drone  
  22  3:03  Queen  
  22  3:05  Zergling x6  
  25  3:20  Spine Crawler  
  24  3:38  Queen  
  24  3:40  Drone x2  
  28  3:51  Overlord x2  
  28  3:54  Metabolic Boost  
  28  4:04  Roach Warren  
  27  4:12  Drone x3  
  30  4:23  Drone x3  
  33  4:36  Lair  
  33  4:40  Extractor  
  32  4:49  Drone x2  
  34  5:35  Evolution Chamber  
  33  6:18  Hatchery  
  32  6:23  Drone x3  
  32  6:24  Drone x3  
  38  6:30  Drone x3  
Tags
 
Add a new tag
Caveats
  • Supply blocks, unpowered buildings, or Contaminate may cause inaccurate times.
  • Supply counts are checked every 10 seconds.